Workbook

Sheet RFR-Invoice Form
A1: California Department of Transportation
A2: Sustainable Transportation Planning Grant Program
A3: INVOICE/REQUEST FOR REIMBURSEMENT (RFR) | G3: DISTRICT Use Only
G4: Date Received:
A6: Grantee Use Only - (This portion must be completed by local agency to receive reimbursement)
A7: Grantee Information
A8: Internal Revenue Service #
A9: Agency Legal Name
A10: Address
A11: City/State/Zip code
A12: Executed RGA/CT
A13: RGA/CT # | B13: 74AXXXX | C13: FY Awarded | D13: Use Drop-Down Selection
A14: Project Name | E14: Start Date | F14: xx/xx/xx
A15: Funding Source | B15: Use Drop-down Selection | E15: End Date | F15: xx/xx/xx
A16: Type of Match | B16: Use Drop-down Selection | E16: Local Match % | F16: =E23/F17 -> #DIV/0! | G16: Tapered Match? | H16: Use Drop-down Selection
A17: ICAP Approved Rate | B17: xx.xx % | E17: Total Cost | F17: =E23+A23 -> 0
A18: Invoice Period of Reimbursement
A19: Invoice # | B19: =B13 -> 74AXXXX | C19: ='SC Support Doc'!A1 -> - | D19: ='SC Support Doc'!B1 -> 1 | E19: From | F19: xx/xx/xx
E20: To | F20: xx/xx/xx
A21: Reimbursement Breakdown (info. will auto-populate from Support Doc.)
A22: Grant Award Amount | B22: Total Exp. From Prior Invoices | C22: Grant Invoice Amount (Current) | D22: Grant Balance | E22: Agency's Local Match Amount | F22: Total Local Match From Prior Invoices | G22: Match Invoice Amount (Current) | H22: Match Balance
A23: ='SC Support Doc'!F23 -> 0 | B23: ='SC Support Doc'!G23 -> 0 | C23: ='SC Support Doc'!H23 -> 0 | D23: ='SC Support Doc'!I23 -> 0 | E23: ='SC Support Doc'!E23 -> 0 | F23: ='SC Support Doc'!S23 -> 0 | G23: ='SC Support Doc'!P23 -> 0 | H23: ='SC Support Doc'!S6 -> 0
A25: Indirect Cost Reimbursement - Agency must have an approved ICAP from Caltrans or cognizant agency and it must be filed with the Independent Office of Audits and Inestigations (IOAI) to seek reimbursement.
A27: Grantee Signature
A28: I certify that I am a duly authorized representative of the above referenced agency and the request for reimbursement is consistent with the terms of the Restricted Grant Agreement (RGA) entered into between the agency and the State of California, Department of Transportation. The reimbursement is for eligible incurred costs and in accordance with the approved RGA and scope of work. By signing this Request for Reimbursement Form, the agency certifies that all State and Federal matching requirements have been met and no Federal Funds were used for local match and/or In-Kind Service.
A29: Name | B29: First Name Last Name | E29: Title | F29: Title
A30: Signature | E30: Date | F30: xx/xx/xx
A32: Caltrans District Use Only
A33: I certify that I am duly authorized by the Department of Transportation to approve payment to the agency. The agency has an approved Restricted Grant Agreement and the request for reimbursement is consistent with the State of California, Department of Transportation and the agency. This authorization to pay acknowledges receipt of services billed.
A34: District Signature
A35: Name | E35: Title
A36: Signature | E36: Date
A38: Caltrans HQ Use Only
A39: Invoice Amount | B39: CT Number | D39: RC #
A40: =C23 -> 0 | B40: =B13 -> 74AXXXX

Sheet SC Support Doc
A1: - | B1: 1 | C1: Agency Invoice/RFR # | E1: State Fund Sources | Q1: Grant Award Amt | S1: =F23 -> 0
Q2: Grant Amt Spent to Date | S2: =G23+H23 -> 0
Q3: Grant Bal | S3: =S1-S2 -> 0
E4: Federal Fund Sources | Q4: Agency's Local Match | S4: =E23 -> 0
B5: RGA # | C5: ='RFR-Invoice Form'!B13 -> 74AXXXX | Q5: YTD Local Match | S5: =S23+P23 -> 0
B6: Project Name | C6: ='RFR-Invoice Form'!B14 -> 0 | Q6: Local Match Bal | S6: =S4-S5 -> 0
B8: Restricted Grant Agreement (RGA) Info | D8: Grant Inception To Date Financials | J8: Invoice Amounts | N8: Current Invoice Local Match Info | Q8: Cumulative Invoice Local Match Info
C9: 1 | D9: 2 | E9: 3 | F9: 4 | G9: 5 | H9: 6 | I9: 7 | J9: 8 | K9: 9 | L9: 10 | M9: 11 | N9: 12 | O9: 13 | P9: 14 | Q9: 15 | R9: 16 | S9: 17
B10: Task # | C10: Task Title | D10: Total Project Cost | E10: Local Cash Match | F10: Grant Award Amount | G10: Total Exp. From Prior Invoices | H10: Current Grant Invoice Amount | I10: Grant Balance | J10: Invoice #1 | K10: Invoice #2 | L10: Invoice #3 | M10: Invoice #4 | N10: Cash | O10: 3rd Party In-kind | P10: Match Amt. | Q10: Cash | R10: 3rd Party In-kind | S10: Total Local Match From Prior Invoices
B11: 01 | D11: =F11+E11 -> 0 | E11: 0 | F11: 0 | G11: =IF($B$1=1,0,IF($B$1=2,J11,IF($B$1=3,J11+K11,IF($B$1=4,J11+K11+L11,0)))) -> 0 | H11: =IF($B$1=1,J11,IF($B$1=2,K11,IF($B$1=3,L11,IF($B$1=4,M11,0)))) -> 0 | I11: =F11-G11-H11 -> 0 | P11: =N11+O11 -> 0 | S11: =Q11+R11 -> 0
B12: 02 | D12: =F12+E12 -> 0 | E12: 0 | F12: 0 | G12: =IF($B$1=1,0,IF($B$1=2,J12,IF($B$1=3,J12+K12,IF($B$1=4,J12+K12+L12,0)))) -> 0 | H12: =IF($B$1=1,J12,IF($B$1=2,K12,IF($B$1=3,L12,IF($B$1=4,M12,0)))) -> 0 | I12: =F12-G12-H12 -> 0 | P12: =N12+O12 -> 0 | S12: =Q12+R12 -> 0
B13: 1 | D13: =F13+E13 -> 0 | E13: 0 | F13: 0 | G13: =IF($B$1=1,0,IF($B$1=2,J13,IF($B$1=3,J13+K13,IF($B$1=4,J13+K13+L13,0)))) -> 0 | H13: =IF($B$1=1,J13,IF($B$1=2,K13,IF($B$1=3,L13,IF($B$1=4,M13,0)))) -> 0 | I13: =F13-G13-H13 -> 0 | P13: =N13+O13 -> 0 | S13: =Q13+R13 -> 0
B14: 2 | D14: =F14+E14 -> 0 | E14: 0 | F14: 0 | G14: =IF($B$1=1,0,IF($B$1=2,J14,IF($B$1=3,J14+K14,IF($B$1=4,J14+K14+L14,0)))) -> 0 | H14: =IF($B$1=1,J14,IF($B$1=2,K14,IF($B$1=3,L14,IF($B$1=4,M14,0)))) -> 0 | I14: =F14-G14-H14 -> 0 | P14: =N14+O14 -> 0 | S14: =Q14+R14 -> 0
B15: 3 | D15: =F15+E15 -> 0 | E15: 0 | F15: 0 | G15: =IF($B$1=1,0,IF($B$1=2,J15,IF($B$1=3,J15+K15,IF($B$1=4,J15+K15+L15,0)))) -> 0 | H15: =IF($B$1=1,J15,IF($B$1=2,K15,IF($B$1=3,L15,IF($B$1=4,M15,0)))) -> 0 | I15: =F15-G15-H15 -> 0 | P15: =N15+O15 -> 0 | S15: =Q15+R15 -> 0
B16: 4 | D16: =F16+E16 -> 0 | E16: 0 | F16: 0 | G16: =IF($B$1=1,0,IF($B$1=2,J16,IF($B$1=3,J16+K16,IF($B$1=4,J16+K16+L16,0)))) -> 0 | H16: =IF($B$1=1,J16,IF($B$1=2,K16,IF($B$1=3,L16,IF($B$1=4,M16,0)))) -> 0 | I16: =F16-G16-H16 -> 0 | P16: =N16+O16 -> 0 | S16: =Q16+R16 -> 0
B17: 5 | D17: =F17+E17 -> 0 | E17: 0 | F17: 0 | G17: =IF($B$1=1,0,IF($B$1=2,J17,IF($B$1=3,J17+K17,IF($B$1=4,J17+K17+L17,0)))) -> 0 | H17: =IF($B$1=1,J17,IF($B$1=2,K17,IF($B$1=3,L17,IF($B$1=4,M17,0)))) -> 0 | I17: =F17-G17-H17 -> 0 | P17: =N17+O17 -> 0 | S17: =Q17+R17 -> 0
B18: 6 | D18: =F18+E18 -> 0 | E18: 0 | F18: 0 | G18: =IF($B$1=1,0,IF($B$1=2,J18,IF($B$1=3,J18+K18,IF($B$1=4,J18+K18+L18,0)))) -> 0 | H18: =IF($B$1=1,J18,IF($B$1=2,K18,IF($B$1=3,L18,IF($B$1=4,M18,0)))) -> 0 | I18: =F18-G18-H18 -> 0 | P18: =N18+O18 -> 0 | S18: =Q18+R18 -> 0
G19: =IF($B$1=1,0,IF($B$1=2,J19,IF($B$1=3,J19+K19,IF($B$1=4,J19+K19+L19,0)))) -> 0 | H19: =IF($B$1=1,J19,IF($B$1=2,K19,IF($B$1=3,L19,IF($B$1=4,M19,0)))) -> 0 | I19: =F19-G19-H19 -> 0 | P19: =N19+O19 -> 0 | S19: =Q19+R19 -> 0
G20: =IF($B$1=1,0,IF($B$1=2,J20,IF($B$1=3,J20+K20,IF($B$1=4,J20+K20+L20,0)))) -> 0 | H20: =IF($B$1=1,J20,IF($B$1=2,K20,IF($B$1=3,L20,IF($B$1=4,M20,0)))) -> 0 | I20: =F20-G20-H20 -> 0 | P20: =N20+O20 -> 0 | S20: =Q20+R20 -> 0
G21: =IF($B$1=1,0,IF($B$1=2,J21,IF($B$1=3,J21+K21,IF($B$1=4,J21+K21+L21,0)))) -> 0 | H21: =IF($B$1=1,J21,IF($B$1=2,K21,IF($B$1=3,L21,IF($B$1=4,M21,0)))) -> 0 | I21: =F21-G21-H21 -> 0 | P21: =N21+O21 -> 0 | S21: =Q21+R21 -> 0
G22: =IF($B$1=1,0,IF($B$1=2,J22,IF($B$1=3,J22+K22,IF($B$1=4,J22+K22+L22,0)))) -> 0 | H22: =IF($B$1=1,J22,IF($B$1=2,K22,IF($B$1=3,L22,IF($B$1=4,M22,0)))) -> 0 | I22: =F22-G22-H22 -> 0 | P22: =N22+O22 -> 0 | S22: =Q22+R22 -> 0
C23: Total | D23: =SUM(D11:D22) -> 0 | E23: =SUM(E11:E22) -> 0 | F23: =SUM(F11:F22) -> 0 | G23: =SUM(G11:G22) -> 0 | H23: =SUM(H11:H22) -> 0 | I23: =SUM(I11:I22) -> 0 | J23: =SUM(J11:J22) -> 0 | K23: =SUM(K11:K22) -> 0 | ... S23: =SUM(S11:S22) -> 0
B27: 1 | C27: Enter the grant task title per Cost and Schedule | G27: 6 | H27: Do not enter amounts/Auto-calculation after you enter the amount in fields 8-11 (invoices #1-4) and you update the invoice # on cell B1 | M27: 14 | N27: Do not enter amounts/Auto-calculation. Match Amt.= Cash + 3rd party in-kind match (for current invoice)
B28: 2 | C28: Do not enter amounts/Auto-calculation Total Project Cost = Grant award amount + Contracted Local Match Amount | G28: 7 | H28: Do not enter amounts/Auto-calculation. Grant Balance= Grant Award Amount (by task)-Grant Amount Spent to Date- Current Invoice | M28: 15 | N28: Enter the local cash match that has been contributed to date (from previous invoices)
B29: 3 | C29: Enter Local Match Amount by Task per Cost and Schedule (or amendment as applicable). Total amount must be equal to the Contracted Local Match Amount on Executed Contract | G29: 8-11 | H29: Enter the grant amount to be reimbursed for each invoice (update cell B1 with the current invoice #) | M29: 16 | N29: Enter the 3rd party, in-kind amount contributed to date (from previous invoices)
B30: 4 | C30: Enter Grant Amount by Task per Cost and Schedule (or amendment as applicable). Total amount must be equal to the Grant Amount on Executed Contract | G30: 12 | H30: Enter the local cash match amount by task for current invoice. Match must equal contracted match percentage unless approved tapered match agreement exists | M30: 17 | N30: Do not enter amounts/Auto-calculation. Total Local Match From Prior Invoices (Cash + 3rd party in-kind match from previous invoices)
B31: 5 | C31: Do not enter amounts/Auto-calculation. Total Expenditures From Prior Invoices will update when invoice #2 amounts are entered and cell B1 is updated with the correct invoice # | G31: 13 | H31: Enter the 3rd party in-kind amount by task for current invoice. Match must equal contracted match percentage unless approved tapered match agreement exists
